 Dungeon Crawl Stone Soup version 0.18-a0-946-g3ac5b32 (webtiles) character file.

751 Gorice the Magician (level 7, -3/27 HPs)
             Began as a Felid Wanderer on Dec 29, 2015.
             Slain by a gnoll
             ... wielding a +0 flail
              (13 damage)
             ... on level 6 of the Dungeon.
             The game lasted 00:40:47 (8809 turns).

Gorice the Magician (Felid Wanderer)                Turns: 8809, Time: 00:40:47

Health: -3/27      AC:  2    Str:  6    XL:     7   Next: 49%
Magic:  17/17      EV: 15    Int: 20    God:
Gold:   308        SH:  0    Dex: 13    Spells: 7 memorised, 4 levels left
                                        Lives:  0   Deaths: 2

rFire  . . .     SeeInvis +     (weapon unavailable)
rCold  . . .     Gourm    .     (armour unavailable)
rNeg   . . .     Faith    .     (shield unavailable)
rPois  .         Spirit   .     (helmet unavailable)
rElec  .         Dismiss  .     (cloak unavailable)
rCorr  .         Reflect  .     (gloves unavailable)
SustAt .         Harm     .     (boots unavailable)
MR     +....                    (no amulet)
Stlth  +++.......               (no ring)
                                Z - ring of stealth

@: repel missiles, quick, somewhat resistant to hostile enchantments, fairly
stealthy
A: no armour, no weapons or thrown items, claws 1, fangs 3, see invisible,
carnivore 3, speed 1, shaggy fur 2, slow metabolism 1, sharp paws
a: no special abilities


You were on level 6 of the Dungeon.
You were completely stuffed.

You visited 1 branch of the dungeon, and saw 6 of its levels.

You collected 308 gold pieces.

Inventory:

Jewellery
 Z - a ring of stealth (left paw)
Wands
 n - a wand of fire (1/15)
 r - a wand of flame (17/48)
Scrolls
 h - 4 scrolls of teleportation {!r}
 i - a scroll of magic mapping {!r}
Potions
 d - a potion of poison {unknown}
 e - a potion of curing
 f - a potion of cancellation {!q}
 g - a potion of brilliance {unknown}
 o - a potion of resistance {unknown}
Books
 a - a book of Minor Magic
 b - Jaetarul's Grimoire of the Traveller

   Spells                             Type                      Level
   a - Shroud of Golubria             Charms/Translocation         2
   b - Blink                          Translocation                2
 j - a book of Annihilations
Comestibles
 c - 2 meat rations {!e}
 k - 3 beef jerkies
 l - a chunk of flesh
 p - a royal jelly


   Skills:
 - Level 1.3 Stealth
 + Level 6.2 Spellcasting
 - Level 6.0 Conjurations
 - Level 4.4 Hexes
 + Level 4.0 Charms
 + Level 3.8 Summonings
 + Level 4.1 Translocations
 - Level 1.1 Evocations


You had 4 spell levels left.
You knew the following spells:

 Your Spells              Type           Power        Failure   Level  Hunger
a - Magic Dart            Conj           ####         1%          1    None
b - Slow                  Hex            ###.....     2%          2    None
c - Call Imp              Summ           ###.....     3%          2    None
d - Shroud of Golubria    Chrm/Tloc      ###.......   2%          2    None
e - Conjure Flame         Conj/Fire      ###.....     10%         3    ##.....
J - Blink                 Tloc           N/A          2%          2    None
M - Repel Missiles        Chrm/Air       ##....       10%         2    None


Dungeon Overview and Level Annotations

Branches:
Dungeon (6/15)
 Temple: D:4-7

Altars:
Elyvilon
Fedhas
Qazlal

Annotations:
D:4 pUX: Eust and Pikey asleep, exclusion: 2 slaves, Eustachio, Pikel
D:6 UX: shafted here, 1 runed door


Innate Abilities, Weirdness & Mutations

You cannot wear armour.
You are incapable of wielding weapons or throwing items.
You have sharp claws.
You have razor-sharp teeth.
You have supernaturally acute eyesight.
You are carnivorous and can eat meat at any time.
You cover ground quickly.
You are covered in thick fur (AC +2).
You have a slow metabolism.
Your sharp claws are effective at attacking unaware monsters.


Message History

A giant gecko is nearby!
Casting: Repel Missiles
Confirm with . or Enter, or press ? or * to list all spells.
Aiming: Magic Dart
Press: ? - help, Shift-Dir - straight line, f - giant gecko
Aim: a giant gecko (hasn't noticed you)
The magic dart hits the giant gecko.
You kill the giant gecko!
Casting: Magic Dart
Confirm with . or Enter, or press ? or * to list all spells.
You can't see any susceptible monsters within range! (Use Z to cast anyway.) Unknown command.
Unknown command.
Unknown command.
Unknown command.
You enter the shallow water.
Moving in this stuff is going to be slow.
You see here a giant gecko corpse.
You butcher the giant gecko corpse.
l - a chunk of flesh Current level annotation: UX: shaft passthru New annotation for D:5 (include '!' for warning): Cleared annotation.
You see here a scale mail.
There is a stone staircase leading down here.
You see here 2 potions of mutation {!q}.
Read which item? (? for menu, Esc to quit)
Okay, then.
There is a stone staircase leading down here.
You climb downwards.
Level annotation: UX: shafted here, 1 runed door An orc comes into view.
It is wielding a mace.
There is a stone staircase leading up here.
You climb upwards.
There is a stone staircase leading down here.
You see here a short sword.
There is a stone staircase leading down here.
You climb downwards.
Level annotation: UX: shafted here, 1 runed door A gnoll, a centaur and a phantom come into view.
The gnoll shouts!
You hear a shout!
The centaur shouts!
The centaur wields a shortbow.
The centaur shoots an arrow of dispersal.
The arrow of dispersal hits you!
Ouch! That really hurt!
You blink.
Found a curved bronze wand.
Damage: 17 (max 17)
The gnoll hits you with a flail!
You die...

....############ #.
...............#######
#.###..#
######.##........
..#..##### #.##..######
.....#...####.##..# ##
#.#..#.#....@g##..# ..
#.#..#...###.g##..#
#.#.#.#......###....../
#....................###
##.#.#...##.###.##.....#
).#..#...#...%.....#<..#
##
##.#...#..##.........#
.##...#..##..##..#..# #
#...#..# ##.. ..#


You could see 2 gnolls.

Vanquished Creatures
  Grinder (D:5)
  Sigmund (D:3)
  Duvessa (D:5)
  A sky beast (D:5)
  An ogre (D:4)
  Blork the orc (D:5)
  Dowan (D:5)
  A crimson imp (D:3)
  A jelly (D:5)
  2 giant frog skeletons (D:5)
  2 orc wizards
  2 centaur skeletons
  An orc priest (D:4)
  2 worker ants
  An iguana (D:5)
  A hound skeleton (D:4)
  Robin (D:3)
  7 gnolls
  6 adders
  8 giant geckos
  9 orcs
  6 giant cockroaches
  13 goblins
  11 hobgoblins
  7 jackals
  4 quokkas
  A ball python (D:1)
  4 bats
  A giant gecko zombie (D:5)
  2 giant newts
  11 kobolds
  9 rats
120 creatures vanquished.

Vanquished Creatures (collateral kills)
  2 hounds
  A worm (D:2)
  2 orcs (D:5)
5 creatures vanquished.

Vanquished Creatures (others)
  19 toadstools (D:5)
19 creatures vanquished.

Grand Total: 144 creatures vanquished

Notes
Turn   | Place    | Note
--------------------------------------------------------------
     0 | D:1      | Gorice the Felid Wanderer began the quest for the Orb.
     0 | D:1      | Gorice set off with: a book of Minor Magic, Jaetarul's Grimoire of the Traveller, a meat ration {!e}
     0 | D:1      | Reached XP level 1. HP: 7/7 MP: 7/7
     0 | D:1      | Identified Jaetarul's Grimoire of the Traveller
     2 | D:1      | Learned a level 1 spell: Magic Dart
    72 | D:1      | Reached skill level 1 in Conjurations
   490 | D:1      | Reached XP level 2. HP: 9/11 MP: 7/9
   649 | D:1      | Learned a level 2 spell: Slow
   692 | D:1      | Reached skill level 2 in Conjurations
  1211 | D:1      | Learned a level 2 spell: Blink
  1214 | D:1      | Learned a level 2 spell: Call Imp
  1217 | D:1      | Learned a level 2 spell: Repel Missiles
  1220 | D:1      | Learned a level 2 spell: Shroud of Golubria
  1338 | D:2      | Reached XP level 3. HP: 11/14 MP: 8/10
  1635 | D:2      | Reached skill level 3 in Conjurations
  1784 | D:2      | Reached XP level 4. HP: 18/18 MP: 0/12
  2262 | D:3      | Noticed Sigmund
  2791 | D:3      | You fall through a shaft for 3 floors!
  2800 | D:6      | Found a runed door.
  2814 | D:5      | Entered Level 5 of the Dungeon
  2846 | D:5      | Noticed Blork the orc
  2859 | D:5      | HP: 3/18 [orc/hand axe (6)]
  3130 | D:4      | Noticed an ogre
  3151 | D:4      | Noticed Pikel
  3151 | D:4      | Noticed a slave
  3151 | D:4      | Noticed a slave
  3169 | D:4      | Reached skill level 4 in Conjurations
  3186 | D:4      | Reached XP level 5. HP: 9/21 MP: 3/13
  3209 | D:4      | HP: 6/21 [poisoned by a worker ant]
  3209 | D:4      | Slain by a worker ant
  3210 | D:4      | Reached XP level 4. HP: -2/18 MP: 1/12
  3375 | D:3      | Killed Sigmund
  3375 | D:3      | Reached skill level 5 in Conjurations
  3375 | D:3      | Reached XP level 5. HP: 12/21 MP: 2/13
  3554 | D:3      | Noticed Robin
  3562 | D:3      | Killed Robin
  3774 | D:3      | Gained mutation: You are covered in thick fur (AC +2). [Felid growth]
  3774 | D:3      | Reached XP level 6. HP: 16/24 MP: 1/14
  3927 | D:4      | HP: 3/24 [orc/short sword (7)]
  4384 | D:3      | Reached skill level 6 in Conjurations
  4748 | D:4      | Found a white marble altar of Elyvilon.
  4761 | D:4      | Reached skill level 1 in Summonings
  4805 | D:4      | Noticed Eustachio
  4874 | D:4      | Reached skill level 1 in Charms
  5293 | D:4      | Learned a level 3 spell: Conjure Flame
  5325 | D:4      | Reached XP level 7. HP: 27/27 MP: 9/16
  5645 | D:5      | Reached skill level 2 in Summonings
  5681 | D:5      | Noticed Duvessa
  5742 | D:5      | Reached skill level 2 in Charms
  5900 | D:5      | HP: 8/27 [Blork the orc/wand of flame (6)]
  6343 | D:5      | Noticed Grinder
  6367 | D:5      | Paralysed by Grinder for 6 turns
  6396 | D:5      | Killed Grinder
  6396 | D:5      | Reached skill level 2 in Translocations
  6558 | D:5      | Reached skill level 3 in Charms
  6558 | D:5      | Reached skill level 3 in Summonings
  6965 | D:5      | Reached skill level 3 in Translocations
  7229 | D:5      | Reached skill level 6 in Spellcasting
  7302 | D:5      | Found a stormy altar of Qazlal.
  7331 | D:5      | HP: 7/27 [Blork the orc/wand of flame (11)]
  7333 | D:5      | HP: 2/27 [Blork the orc/wand of flame (5)]
  7339 | D:5      | Killed from afar by Blork the orc
  7340 | D:5      | Reached XP level 6. HP: -3/24 MP: 4/16
  7388 | D:5      | Reached XP level 7. HP: 27/27 MP: 13/17
  7483 | D:5      | Killed Blork the orc
  7580 | D:5      | Found a blossoming altar of Fedhas.
  7604 | D:5      | Noticed an oklob plant
  7810 | D:6      | HP: 7/27 [orc/club (5)]
  8262 | D:5      | Noticed Dowan
  8271 | D:5      | Killed Duvessa
  8271 | D:5      | Reached skill level 4 in Translocations
  8406 | D:5      | Killed Dowan
  8406 | D:5      | Reached skill level 4 in Charms
  8809 | D:6      | Slain by a gnoll

Vault maps used:
D:1:      elethiomel_arrival_diamonds, minmay_fountain_box, minmay_ruptured
D:3:      bh_walls_and_bars, uniq_sigmund, uniq_robin
D:4:      forest_paths, elyvilon_altar_5, uniq_eustachio, uniq_pikel
D:5:      nicolae_qazlal_eye_of_the_storm, first_bread, tgw_fedhas,
          uniq_grinder, uniq_duvessa, uniq_blork_the_orc
D:6:      nicolae_overflow_hidden_temple, lightli_church_of_beogh

Action                   |  1- 3 |  4- 6 |  7- 9 || total
-------------------------+-------+-------+-------++-------
Melee: Unarmed           |    52 |    52 |    33 ||   137
 Cast: Magic Dart        |    84 |   156 |    89 ||   329
       Call Imp          |     1 |     3 |    16 ||    20
       Repel Missiles    |     1 |     1 |     1 ||     3
       Slow              |     4 |    27 |    17 ||    48
       Conjure Flame     |       |     1 |    11 ||    12
       Shroud of Golubri |       |       |     2 ||     2
Evoke: Wand              |       |       |     3 ||     3
  Use: Scroll            |     5 |     5 |     3 ||    13
 Stab: Sleeping          |     2 |     3 |       ||     5
       Distracted        |     1 |       |       ||     1
  Eat: Chunk             |     9 |    13 |     8 ||    30

Table legend:
 A = Turns spent in this place as a percentage of turns spent in the entire game.
 B = Non-inter-level travel turns spent in this place as a percentage of non-inter-level travel turns spent in the entire game.
 C = Inter-level travel turns spent in this place as a percentage of turns spent in this place.
 D = Turns resting spent in this place as a percentage of non-inter-level travel turns spent in this place.
 E = Turns spent auto-exploring this place as a percentage of non-inter-level travel turns spent in this place.
 F = Non-inter-level travel turns spent in this place divided by the number of levels of this place that you've seen.
                   A       B       C       D       E      F
               +-------+-------+-------+-------+-------+----------------------
         Total | 100.0 | 100.0 |   0.7 |   5.7 |   5.6 | 410.0
       Dungeon | 100.0 | 100.0 |   0.7 |   5.7 |   5.6 | 410.0
               +-------+-------+-------+-------+-------+----------------------

Vault maps used:
D:1:      elethiomel_arrival_diamonds, minmay_fountain_box, minmay_ruptured
D:3:      bh_walls_and_bars, uniq_sigmund, uniq_robin
D:4:      forest_paths, elyvilon_altar_5, uniq_eustachio, uniq_pikel
D:5:      nicolae_qazlal_eye_of_the_storm, first_bread, tgw_fedhas,
          uniq_grinder, uniq_duvessa, uniq_blork_the_orc
D:6:      nicolae_overflow_hidden_temple, lightli_church_of_beogh
